 Dungeon Crawl Stone Soup version 0.24.0-37-gcf1ca852f1 (webtiles) character file.

Game seed: 13197101204188136153, levelgen mode: deterministic

13815 Delamore the Severer (level 12, -3/113 HPs)
             Began as a Hill Orc Fighter on Nov 29, 2019.
             Was a High Priest of Okawaru.
             Slain by a fire bat (8 damage)
             ... in a Gauntlet.
             The game lasted 00:20:52 (14625 turns).

Delamore the Severer (Hill Orc Fighter)            Turns: 14625, Time: 00:20:53

Health: -3/113     AC: 15    Str: 21    XL:     12   Next: 10%
Magic:  12/12      EV:  3    Int:  8    God:    Okawaru [*****.]
Gold:   516        SH:  9    Dex: 13    Spells: 11/11 levels left

rFire    . . .     SeeInvis .   L - +3 broad axe (venom)
rCold    . . .     Gourm    .   c - +0 shield
rNeg     . . .     Faith    .   j - +0 plate armour
rPois    +         Spirit   .   (no helmet)
rElec    .         Reflect  .   l - +0 cloak
rCorr    .         Harm     .   i - +1 pair of gloves
MR       .....     NoTele   +   z - +0 pair of boots
Stlth    ..........             (no amulet)
HPRegen  0.28/turn              a - ring of poison resistance
MPRegen  0.13/turn              (no ring)

@: no status effects
A: no striking features
a: Heroism, Finesse, Renounce Religion


You were in a Gauntlet.
You worshipped Okawaru.
Okawaru was extremely pleased with you.
You were not hungry.

You visited 2 branches of the dungeon, and saw 12 of its levels.
You also visited: Ossuary and Gauntlet.

You collected 684 gold pieces.
You spent 168 gold pieces at shops.

Inventory:

Hand Weapons
 L - a +3 broad axe of venom (weapon)
Missiles
 d - 6 boomerangs of dispersal (quivered)
 m - 12 atropa-tipped darts
 r - 24 poisoned darts
Armour
 c - a +0 shield (worn)
 i - a +1 pair of gloves (worn)
 j - a +0 plate armour (worn)
 l - a +0 cloak (worn)
 z - a +0 pair of boots (worn)
Jewellery
 a - a ring of poison resistance (left hand)
 o - an uncursed ring of flight
Wands
 e - a wand of clouds (5)
 y - a wand of scattershot (7)
 C - a wand of flame (12)
 I - a wand of enslavement (9)
Scrolls
 b - 2 scrolls of noise
 g - 6 scrolls of enchant armour
 h - a scroll of magic mapping
 p - a scroll of enchant weapon
 s - 4 scrolls of teleportation
 u - 3 scrolls of remove curse
 v - 2 scrolls of amnesia
 B - a scroll of fog
 D - 4 scrolls of fear
Potions
 k - 4 potions of agility
 q - 3 potions of curing
 t - a potion of mutation
 x - 2 potions of flight
 A - 3 potions of resistance
 E - a potion of lignification
 F - a potion of brilliance
 G - a potion of ambrosia {unknown}
 H - 2 potions of cancellation
 K - a potion of magic
Comestibles
 f - 20 rations


   Skills:
 * Level 12.6 Fighting
 + Level 19.2 Axes
 - Level 3.2 Armour
 - Level 3.2 Shields


You had 11 spell levels left.
You didn't know any spells.
Your spell library contained the following spells:

 Spells                   Type           Power        Failure   Level  Hunger
 Confusing Touch          Hex            #.....       100%        1    ##.....
 Corona                   Hex            #......      100%        1    ##.....
 Flame Tongue             Conj/Fire      #....        100%        1    ##.....
 Ensorcelled Hibernation  Hex/Ice        #.....       100%        2    ###....
 Confuse                  Hex            #.......     100%        3    ####...
 Dazzling Spray           Conj/Hex       #.....       100%        3    ####...
 Gell's Gravitas          Tloc           #.........   100%        3    ####...
 Tukima's Dance           Hex            #.......     100%        3    ####...
 Cause Fear               Hex            #.........   100%        4    #####..
 Petrify                  Tmut/Erth      #.......     100%        4    #####..
 Irradiate                Conj/Tmut      #.........   100%        5    ######.
 Metabolic Englaciation   Hex/Ice        #.........   100%        5    ######.
 Yara's Violent Unravell  Hex/Tmut       #.........   100%        5    ######.
 Bolt of Fire             Conj/Fire      #.........   100%        6    #######
 Hydra Form               Tmut           #.........   100%        6    #######
 Statue Form              Tmut/Erth      #........    100%        6    #######
 Dragon Form              Tmut           #.........   100%        7    #######
 Dragon's Call            Summ           #.........   100%        9    #######


Dungeon Overview and Level Annotations

Branches:
Dungeon (11/15)            Temple (1/1) D:6            Lair (0/6) D:9
    Orc (0/2) D:10        Ossuary (visited)         Gauntlet (1/1)

Altars:
Ashenzari
Cheibriados
Dithmenos
Elyvilon
Fedhas
Gozag
Hepliaklqana
Kikubaaqudgha
Makhleb
Nemelex Xobeh
Okawaru
Qazlal
Ru
Sif Muna
Trog
Uskayaw
Vehumet
Wu Jian
Xom
Yredelemnul
Zin
The Shining One

Shops:
D:9 %   D:10 (

Annotations:
Gauntlet 7 transporters, 3 runed translucent doors


Message History

The fire crab breathes flames at you.
The blast of flame engulfs you but does no damage.
You block the fire bat's attack.
You closely miss the fire bat.
The fire bat is moderately wounded.
You are engulfed in blazing flames.
* * * LOW HITPOINT WARNING * * *
You block the fire bat's attack.
You slash the fire bat!
The fire bat is severely wounded.
You completely miss the fire crab.
You are engulfed in blazing flames.
* * * LOW HITPOINT WARNING * * *
The fire crab looks more healthy.
You block the fire bat's attack.
The fire bat bites you but does no damage.
You closely miss the fire crab.
The fire crab is heavily wounded.
You slash the hell hound!
The hell hound is poisoned.
The fire bat bites you.
* * * LOW HITPOINT WARNING * * *
You are engulfed in flames!
You die...

##≈.#...#.###.###.##.##.
#≈≈.#..##..##.#..#..#%#.
##≈.#.##©...#.#.##©##!#.
##.###################.
##≈....#©.........©#....
#≈≈..⌠.#.⌠.⌠.⌠.⌠.⌠.#.⌠..
##≈....#©.........©#....
##.#########.#########.
##≈.###@b.###.#X.#X#..#.
#≈≈.###th°###.#x#x#.#.#.
##≈.#..'##°°#.#x#.#.#x#.
##.#..#©#°°###x.#©#.^#.
##≈.#..##'°°#.#X#.#.#.#.
#≈≈.###."?###.#.#.#.#.#.
##≈.####©####.#|?#©#§.#.
##.#########.#########.
#≈.....................


You could see a fire crab, a hell hound and a fire bat.

Vanquished Creatures
  Erica (D:8)
  2 two-headed ogres
  Nergalle (D:10)
  2 unseen horrors (D:10)
  An oklob plant (Gauntlet)
  Maurice (D:10)
  A troll (D:9)
  A queen bee (D:9)
  11 yaks
  A human (D:7)
  3 hogs (D:8)
  2 fire bats (Gauntlet)
  A hungry ghost (D:5)
  Edmund (D:5)
  Menkaure (D:7)
  2 acid dragons (Gauntlet)
  2 swamp worms (Gauntlet)
  3 wargs (D:10)
  2 hell hounds (Gauntlet)
  2 ice beasts
  2 sky beasts
  2 orc warriors
  A black bear (D:6)
  A necrophage (D:9)
  6 ogres
  5 phantoms
  4 centaurs
  A big kobold (D:9)
  4 bullfrogs
  2 scorpions
  A wyvern skeleton (D:6)
  22 killer bees
  4 howler monkeys
  6 crimson imps
  A quasit (D:9)
  2 jellies
  6 hounds
  3 centaur zombies
  5 orc priests
  Crazy Yiuf (D:2)
  A bullfrog skeleton (D:2)
  A centaur skeleton (D:9)
  4 orc wizards
  2 iguanas
  7 worker ants
  2 big kobold zombies (Ossuary)
  4 mummies (Ossuary)
  A howler monkey zombie (D:5)
  A worker ant zombie (D:5)
  14 adders
  4 gnolls (D:7)
  6 shadow imps
  2 adder zombies
  5 worms
  3 dart slugs
  9 leopard geckos
  19 orcs
  11 giant cockroaches
  A gnoll zombie (Ossuary)
  10 goblins
  8 hobgoblins
  12 jackals
  17 kobolds
  3 quokkas
  A ball python (D:3)
  8 bats
  5 frilled lizards
  3 goblin zombies
  2 hobgoblin zombies (Ossuary)
  2 quokka skeletons (D:6)
  A quokka zombie (D:7)
  9 rats
  A spectral orc (D:4)
  A fungus (Gauntlet)
  3 plants (Gauntlet)
303 creatures vanquished.

Notes
Turn   | Place    | Note
-------+----------+-------------------------------------------
     0 | D:1      | Delamore the Hill Orc Fighter began the quest for the Orb.
     0 | D:1      | Reached XP level 1. HP: 19/19 MP: 1/1
    28 | D:1      | Reached skill level 3 in Axes
    32 | D:1      | Reached XP level 2. HP: 19/26 MP: 2/2
   336 | D:1      | Reached skill level 4 in Axes
   604 | D:1      | Reached XP level 3. HP: 31/31 MP: 3/3
   703 | D:1      | Reached skill level 5 in Axes
  1428 | D:2      | Reached XP level 4. HP: 33/39 MP: 4/4
  1749 | D:2      | Reached skill level 6 in Axes
  1886 | D:2      | Found a runed translucent door.
  1887 | D:2      | Noticed Crazy Yiuf
  2041 | D:2      | Killed Crazy Yiuf
  2041 | D:2      | Reached XP level 5. HP: 11/45 MP: 5/5
  2356 | D:3      | Reached skill level 7 in Axes
  2604 | D:3      | Found an opulent altar of Gozag.
  2832 | D:3      | Found a snail-covered altar of Cheibriados.
  2834 | D:3      | Found an ancient bone altar of Kikubaaqudgha.
  3229 | D:4      | Reached skill level 8 in Axes
  3229 | D:4      | Reached XP level 6. HP: 51/51 MP: 6/6
  3406 | D:4      | Found a white marble altar of Elyvilon.
  3414 | D:4      | Reached skill level 9 in Axes
  3773 | D:4      | Found a basalt altar of Yredelemnul.
  4065 | D:5      | Entered Level 5 of the Dungeon
  4127 | D:5      | Reached XP level 7. HP: 52/57 MP: 7/7
  4365 | D:5      | Noticed a hungry ghost
  4367 | D:5      | Reached skill level 10 in Axes
  4392 | D:5      | Killed a hungry ghost
  4397 | D:5      | Reached skill level 11 in Axes
  4406 | D:5      | Reached XP level 8. HP: 27/64 MP: 8/8
  4709 | D:5      | Noticed Edmund
  4732 | D:5      | Killed Edmund
  4732 | D:5      | Reached skill level 12 in Axes
  5349 | D:6      | Reached skill level 13 in Axes
  5528 | D:6      | Found a shattered altar of Ashenzari.
  5557 | D:6      | Got a steaming quarterstaff
  5564 | D:6      | Identified the +12 quarterstaff "Qyru" {chaos, +Rage Str+3}
                  | (You found it on level 6 of the Dungeon)
  5685 | D:6      | Found a staircase to the Ecumenical Temple.
  5691 | D:6      | Reached skill level 14 in Axes
  5691 | D:6      | Reached XP level 9. HP: 54/70 MP: 9/9
  5741 | Temple   | Entered the Ecumenical Temple
  6297 | D:6      | Reached skill level 15 in Axes
  6771 | D:7      | Found an iron altar of Okawaru.
  6779 | D:7      | Became a worshipper of Warmaster Okawaru
  6941 | D:7      | Found a sand-covered staircase.
  6957 | Ossuary  | Entered an ossuary
  7507 | D:7      | Reached skill level 16 in Axes
  7696 | D:7      | Noticed Menkaure
  7702 | D:7      | Killed Menkaure
  7702 | D:7      | Reached * piety under Okawaru
  7710 | D:7      | HP: 3/70 [something (6)]
  8612 | D:8      | Reached XP level 10. HP: 76/77 MP: 10/10
  8613 | D:8      | Noticed Erica
  8643 | D:8      | Killed Erica
  8643 | D:8      | Reached skill level 17 in Axes
  9625 | D:8      | Reached ** piety under Okawaru
  9625 | D:8      | Reached skill level 5 in Fighting
  9631 | D:8      | HP: 3/81 [human/+0 hand axe (7)]
 10033 | D:8      | Found a stormy altar of Qazlal.
 10509 | D:9      | Found a sparkling altar of Nemelex Xobeh.
 10655 | D:9      | Reached skill level 18 in Axes
 10998 | D:9      | Noticed a two-headed ogre
 11008 | D:9      | Killed a two-headed ogre
 11008 | D:9      | Reached *** piety under Okawaru
 11008 | D:9      | Reached XP level 11. HP: 74/95 MP: 11/11
 11129 | D:9      | Found a staircase to the Lair.
 11146 | D:9      | Found Moptil's Food Shop.
 11325 | D:9      | Reached **** piety under Okawaru
 11506 | D:9      | Reached skill level 10 in Fighting
 12051 | D:10     | Entered Level 10 of the Dungeon
 12217 | D:10     | Killed an unseen horror
 12854 | D:10     | Found a staircase to the Orcish Mines.
 12871 | D:10     | Reached ***** piety under Okawaru
 12967 | D:10     | Noticed Maurice
 12985 | D:10     | Killed Maurice
 13367 | D:10     | Noticed Nergalle
 13389 | D:10     | Killed Nergalle
 13603 | D:10     | Killed an unseen horror
 13603 | D:10     | Reached skill level 19 in Axes
 13670 | D:10     | Found Fajuefam's Antique Weapon Shoppe.
 13675 | D:10     | Bought a runed broad axe for 168 gold pieces
 13818 | D:10     | Noticed a two-headed ogre
 13829 | D:10     | Killed a two-headed ogre
 13829 | D:10     | Received a gift from Okawaru
 13832 | D:10     | Got a brightly glowing falchion {god gift}
 13833 | D:10     | Identified the +3 falchion of Huodo {protect, rF+} (Okawaru
                  | gifted it to you on level 10 of the Dungeon)
 14000 | D:11     | Found a gate leading to a gauntlet.
 14007 | Gauntlet | Entered a Gauntlet
 14007 | Gauntlet | Found a transporter.
 14007 | Gauntlet | Found a transporter.
 14007 | Gauntlet | Found a runed translucent gate.
 14007 | Gauntlet | Found a runed translucent gate.
 14007 | Gauntlet | Found a runed translucent gate.
 14011 | Gauntlet | Found a transporter.
 14011 | Gauntlet | Found a transporter.
 14033 | Gauntlet | Found a transporter.
 14042 | Gauntlet | Found a transporter.
 14045 | Gauntlet | Found a transporter.
 14049 | Gauntlet | Found a runed translucent door.
 14050 | Gauntlet | Noticed a fire crab
 14054 | Gauntlet | Found a runed translucent door.
 14059 | Gauntlet | Found a transporter.
 14076 | Gauntlet | Found a transporter.
 14091 | Gauntlet | Found a transporter.
 14095 | Gauntlet | Found a transporter.
 14101 | Gauntlet | Noticed a death ooze
 14126 | Gauntlet | Found a transporter.
 14127 | Gauntlet | Noticed an oklob plant
 14372 | Gauntlet | Killed an oklob plant
 14372 | Gauntlet | Reached XP level 12. HP: 112/112 MP: 12/12
 14417 | Gauntlet | Noticed a large abomination
 14620 | Gauntlet | HP: 1/113 [fire crab] (18)]
 14625 | Gauntlet | HP: 5/113 [fire bat (1)]
 14625 | Gauntlet | Slain by a fire bat

Levels and vault maps discovered:
D:1:      scummos_arrival_simple_crosswalls, layout_basic
D:2:      layout_loops_corners, first_ration, uniq_crazy_yiuf_cottage
D:3:      layout_loops_corners, nicolae_gozag_seed_capital,
          chequers_temple_overflow_statue_of_worship
D:4:      layout_loops_corners, yredelemnul_forgotten_temple_becter,
          elyvilon_altar_3
D:5:      layout_loops_ring, grunt_tough_drop, uniq_edmund
D:6:      layout_basic, ashenzari_altar_1, temple_pool_b
D:7:      layout_cave_pods, nicolae_overflow_crystal_walls, enter_ossuary_4,
          uniq_menkaure
D:8:      layout_loops_corners, grunt_qazlal_sundering, grunt_livestock,
          uniq_erica
D:9:      layout_roguey, lair_entry_dummy, special_room [special_room_bee],
          basic_altar, serial_shops, shop_statue, chequers_serial_rivers_room_a
D:10:     layout_long_grid, minmay_orc_entry_guard_dogs, serial_shops, shop,
          uniq_maurice, uniq_nergalle
D:11:     layout_loops_ring, gauntlet_entry_generic
Temple:   regret_index_temple_waves
Gauntlet: minmay_gauntlet_77_indecision [minmay_gauntlet_arena_77_run_for_it,
          minmay_gauntlet_arena_77_museum, minmay_gauntlet_arena_77_fan,
          minmay_gauntlet_arena_77_tiled_triplets,
          minmay_gauntlet_arena_77_cramped, minmay_gauntlet_arena_77_braids,
          gauntlet_exit_green]

Skill      XL: |  1  2  3  4  5  6  7  8  9 10 11 |
---------------+----------------------------------+-----
Axes           | 3 4 5 6 8 9 11 14 16 18 19 | 19.2
Fighting       | 8 12 | 12.6
Armour         | |  3.2
Shields        | |  3.2

Action                   |  1- 3 |  4- 6 |  7- 9 | 10-12 || total
-------------------------+-------+-------+-------+-------++-------
Melee: War axe           |   131 |   212 |   431 |   474 ||  1248
       Broad axe         |       |       |       |    58 ||    58
Throw: Dart              |       |       |       |     2 ||     2
Invok: Heroism           |       |       |       |     3 ||     3
  Use: Scroll            |       |     4 |     8 |     9 ||    21
       Potion            |       |       |     3 |    11 ||    14
 Stab: Invisible         |       |       |       |     2 ||     2
  Eat: Chunk             |     2 |     7 |    11 |    12 ||    32
       Ration            |       |       |     4 |     2 ||     6
Armor: Scale mail        |    14 |       |       |       ||    14
       Plate armour      |    84 |   107 |       |   317 ||   508
       Chain mail        |       |    37 |   178 |     7 ||   222
Dodge: Dodged            |    23 |    32 |    52 |    57 ||   164
Block: Shield            |    85 |    95 |   183 |   238 ||   601
